 Dungeon Crawl Stone Soup version 0.27-a0-1105-g946c659c87 (webtiles) character file.

Game seed: 10556459544683696511

18257 kae the Corrupter of Planes (level 12, -4/97 HPs)
             Began as a Demonspawn Abyssal Knight on Apr 29, 2021.
             Was the Champion of Lugonu.
             Killed from afar by Azrael (52 damage)
             ... with a fireball
             ... on level 12 of the Dungeon.
             The game lasted 00:12:50 (14235 turns).

kae the Corrupter of Planes (DsAK)                 Turns: 14235, Time: 00:12:50

Health: -4/97      AC: 18    Str: 23    XL:     12   Next: 26%
Magic:  20/20      EV: 11    Int: 13    God:    Lugonu [******]
Gold:   998        SH:  5    Dex: 21    Spells: 11/11 levels left

rFire    . . .     SeeInvis .   a - +2 falchion (venom)
rCold    . . .     Faith    .   (no shield)
rNeg     . . .     Spirit   .   j - +3 scale mail
rPois    .         Reflect  +   o - +3 hat of the Eight Tables {rElec Regen+ Int-3 Dex+8}
rElec    +         Harm     .   (no cloak)
rCorr    .         Rampage  .   (no gloves)
Will     .....                  (no boots)
Stlth    ..........             g - amulet of reflection
HPRegen  1.26/turn              e - +4 ring of protection
MPRegen  0.17/turn              i - +6 ring of strength

@: no status effects
A: hooves 2, demonic guardian 1, powered by death 2, big brain 1
a: Renounce Religion, Depart the Abyss, Bend Space, Banish, Corrupt, Enter the
Abyss, Brand Weapon With Distortion


You were on level 12 of the Dungeon.
You worshipped Lugonu.
Lugonu was exalted by your worship.
You visited 2 branches of the dungeon, and saw 15 of its levels.
You visited the Abyss 1 time.

You collected 998 gold pieces.

Inventory:

Hand Weapons
 a - a +2 falchion of venom (weapon)
 B - a +3 long sword of freezing
Missiles
 q - a throwing net
 z - 3 atropa-tipped darts
Armour
 b - a +0 leather armour
 j - a +3 scale mail (worn)
 o - the +3 hat of the Eight Tables (worn) {rElec Regen+ Int-3 Dex+8}
   (You acquired it on level 5 of the Dungeon)

   It affects your intelligence (-3).
   It affects your dexterity (+8).
   It insulates you from electricity.
   It increases your rate of health regeneration.
Jewellery
 e - a +4 ring of protection (left hand)
 g - an amulet of reflection (around neck)
 i - a +6 ring of strength (right hand)
 k - an amulet of the acrobat
 v - a +6 ring of intelligence
Wands
 p - a wand of polymorph (4)
 w - a wand of acid (10)
 x - a wand of flame (25)
 y - a wand of iceblast (6)
 E - a wand of paralysis (12)
 F - a wand of charming (9)
Scrolls
 d - 4 scrolls of fog
 h - 3 scrolls of teleportation
 m - a scroll of amnesia
 n - a scroll of enchant weapon
 t - a scroll of enchant armour
 u - 4 scrolls of magic mapping
 C - a scroll of blinking
Potions
 c - 2 potions of curing
 f - 4 potions of resistance
 l - 2 potions of magic
 r - 2 potions of berserk rage
 s - 3 potions of haste
 A - 2 potions of brilliance
 D - 3 potions of ambrosia
 G - a potion of invisibility {unknown}


   Skills:
 + Level 9.7 Fighting
 * Level 11.8 Long Blades
 + Level 8.6 Armour
 - Level 1.3 Dodging
 + Level 11.9 Invocations


You had 11 spell levels left.
You didn't know any spells.
Your spell library contained the following spells:

 Spells                   Type           Power      Damage    Failure   Level
 Freeze                   Ice            0%         1d3       56%         1
 Magic Dart               Conj           0%         1d3       56%         1
 Blink                    Tloc           N/A        N/A       71%         2
 Call Imp                 Summ           0%         N/A       71%         2
 Slow                     Hex            0%         N/A       71%         2
 Conjure Flame            Conj/Fire      0%         6-21      90%         3
 Frozen Ramparts          Ice            0%         1d2       90%         3
 Mephitic Cloud           Conj/Pois/Air  0%         N/A       90%         3
 Ozocubu's Armour         Ice            0%         N/A       90%         3
 Hailstorm                Conj/Ice       0%         3d3       100%        4
 Irradiate                Conj/Tmut      0%         3d13      100%        5
 Metabolic Englaciation   Hex/Ice        0%         N/A       100%        5
 Blade Hands              Tmut           0%         N/A       100%        6
 Statue Form              Tmut/Erth      0%         N/A       100%        6
 Dragon Form              Tmut           0%         N/A       100%        7


Dungeon Overview and Level Annotations

Branches:
Dungeon (14/15)            Temple (1/1) D:4            Lair (0/6) D:9
    Orc (0/2) D:12         Vaults (0/5) D:14

Altars:
Ashenzari
Cheibriados
Dithmenos
Elyvilon
Fedhas
Gozag
Hepliaklqana
Kikubaaqudgha
Makhleb
Nemelex Xobeh
Okawaru
Qazlal
Ru
Sif Muna
Trog
Uskayaw
Vehumet
Wu Jian
Xom
Yredelemnul
Zin
The Shining One

Annotations:
D:12 Azrael


Innate Abilities, Weirdness & Mutations

You have hoof-like feet.
A weak demonic guardian rushes to your aid.
You regenerate health from kills.
You have an unusually large brain. (Int +2)


Message History

There are monsters nearby!
The fire elemental closely misses you. The hell hound breathes flames at you.
The blast of flame hits the fire elemental.
The fire elemental completely resists.
The blast of flame hits you! The fire elemental hits you.
The fire elemental burns you!
You hear a bark!
You closely miss the fire elemental. Your kick misses the fire elemental.
The fire elemental hits you. The fire elemental burns you!
The fire elemental hits you. The fire elemental burns you!
There are monsters nearby!
You hit the fire elemental. Your kick misses the fire elemental.
The fire elemental is lightly damaged.
The fire elemental hits you. The fire elemental burns you!
The fire elemental hits you. The fire elemental burns you!
You are too injured to fight recklessly!
There are monsters nearby!
You are too injured to fight recklessly!
You are too injured to fight recklessly!
There are monsters nearby!
You are too injured to fight recklessly!
You are too injured to fight recklessly!
You are too injured to fight recklessly!
You are too injured to fight recklessly!
Okay, then.
You see here a golden potion.
G - a golden potion The fire elemental hits you.
The fire elemental burns you! You block the fire elemental's attack.
The fire elemental misses you.
A hell hound comes into view.
The fire elemental hits you. The fire elemental burns you!
The fire elemental hits you. The fire elemental burns you!
Azrael gestures at you.
The fireball explodes!
The fireball engulfs the fire elemental.
The fire elemental completely resists.
The fireball engulfs the fire elemental.
The fire elemental completely resists.
The fireball engulfs you!!!
Ouch! That really hurt!
You die...

......# #....# .####.#
#.#..# .# ##)## ##'##.#
.# #)))#####...#.# .# .#
#.8.).....8...#######..##
.#
#..)#####)†.#.☼R°○.......
.#
####)###'#.##E○h°.h......
.# ##)).##.##E########..#
#.>.##.##@# #...##.##.#
+###)#.##.# ##...#.#
#.8...# #...#.# ##'##.#
#.#..# #....#


You could see Azrael and 2 fire elementals.

Vanquished Creatures
  Josephine (D:13)
  A two-headed ogre (D:11)
  Pikel (D:6)
  An ugly thing (D:12)
  2 cyclopes (D:12)
  A kobold demonologist (D:9)
  An unseen horror (D:12)
  A komodo dragon (D:12)
  Psyche (D:12)
  2 hornets (D:9)
  Prince Ribbit (D:7)
  A queen bee (D:11)
  A slime creature (D:9)
  A shadow (D:9)
  Sigmund (D:6)
  4 wyverns
  4 wraiths (D:13)
  8 yaks
  2 basilisks
  Eustachio (D:6)
  2 steam dragons
  Grum (D:8)
  6 vampire mosquitoes
  Edmund (D:6)
  An acid dragon (D:6)
  2 water moccasins
  7 orc warriors
  An ice beast (D:7)
  2 wolves (D:8)
  2 ogres
  9 centaurs
  4 lemures
  3 kobold brigands
  8 bullfrogs
  A wyvern zombie (D:7)
  2 gnoll sergeants
  3 scorpions
  32 killer bees
  8 wights
  2 howler monkeys
  A bullfrog zombie (D:5)
  8 centaur zombies
  6 orc priests
  A jelly (D:5)
  3 bullfrog skeletons (D:5)
  A hound (D:5)
  2 centaur skeletons
  7 orc wizards
  4 iguanas
  2 killer bee zombies
  A hound zombie (D:5)
  A hound skeleton (D:4)
  A howler monkey zombie (D:9)
  9 adders
  18 gnolls
  A howler monkey skeleton (D:5)
  2 river rats (D:4)
  An ufetubus (D:5)
  5 worms
  2 dart slugs
  49 orcs
  6 ball pythons
  6 bats
  8 endoplasms
  3 giant cockroaches
  27 goblins
  42 hobgoblins
  7 jackals
  10 kobolds
  4 quokkas
  5 frilled lizards
  11 rats
387 creatures vanquished.

Vanquished Creatures (collateral kills)
  Erolcha (D:9)
  2 vampire mosquitoes (D:11)
  An acid dragon (D:9)
  A howler monkey (D:14)
5 creatures vanquished.

Vanquished Creatures (others)
  2 fungi (D:9)
  A plant (D:9)
3 creatures vanquished.

Grand Total: 395 creatures vanquished

Notes
Turn   | Place    | Note
-------+----------+-------------------------------------------
     0 | Abyss:1  | kae the Demonspawn Abyssal Knight began the quest for the
                  | Orb.
     0 | Abyss:1  | Reached XP level 1. HP: 18/18 MP: 2/2
     1 | Abyss:1  | Found a corrupted altar of Lugonu.
    58 | Abyss:1  | Noticed a small abomination
    67 | Abyss:1  | Noticed a raiju
    68 | D:1      | Escaped the Abyss
   126 | D:1      | Reached skill level 1 in Dodging
   126 | D:1      | Reached * piety under Lugonu
   130 | D:1      | Gained mutation: You have large cloven feet. [demonic
                  | ancestry]
   130 | D:1      | Reached XP level 2. HP: 22/24 MP: 3/3
   849 | D:1      | Reached XP level 3. HP: 29/29 MP: 5/5
  1012 | D:1      | Found a faded altar of an unknown god.
  1521 | D:2      | Reached ** piety under Lugonu
  1522 | D:2      | Gained mutation: You have hoof-like feet. [demonic
                  | ancestry]
  1522 | D:2      | Reached XP level 4. HP: 6/35 MP: 6/6
  3518 | D:4      | Noticed a kobold brigand
  3525 | D:4      | Killed a kobold brigand
  3526 | D:4      | Reached XP level 5. HP: 27/42 MP: 7/7
  4111 | D:4      | Gained mutation: You have an unusually large brain. (Int
                  | +2) [demonic ancestry]
  4111 | D:4      | Reached XP level 6. HP: 38/48 MP: 9/9
  4843 | D:4      | Found a staircase to the Ecumenical Temple.
  4876 | Temple   | Entered the Ecumenical Temple
  5568 | D:5      | Entered Level 5 of the Dungeon
  5657 | D:5      | Reached *** piety under Lugonu
  5813 | D:5      | Reached XP level 7. HP: 48/55 MP: 10/10
  5926 | D:5      | Reached skill level 5 in Invocations
  6046 | D:5      | Reached skill level 5 in Long Blades
  6519 | D:5      | Reached skill level 5 in Fighting
  6530 | D:5      | Reached **** piety under Lugonu
  6655 | D:5      | Reached XP level 8. HP: 24/62 MP: 12/12
  7168 | D:5      | Reached ***** piety under Lugonu
  7610 | D:5      | Identified a scroll of acquirement
  7610 | D:5      | Acquired the +3 hat of the Eight Tables {rElec Regen+ Int-3
                  | Dex+8}
  7649 | D:6      | Noticed Eustachio
  7814 | D:6      | Killed Eustachio
  7937 | D:6      | Noticed Sigmund
  7946 | D:6      | Killed Sigmund
  8102 | D:6      | Noticed Edmund
  8111 | D:6      | Killed Edmund
  8146 | D:6      | Reached skill level 5 in Armour
  8146 | D:6      | Gained mutation: You regenerate a little health from kills.
                  | [demonic ancestry]
  8146 | D:6      | Reached XP level 9. HP: 38/69 MP: 14/14
  8288 | D:6      | Noticed Pikel
  8303 | D:6      | Killed Pikel
  9069 | D:7      | Noticed Prince Ribbit
  9077 | D:7      | Killed Prince Ribbit
  9553 | D:8      | Gained mutation: A weak demonic guardian rushes to your
                  | aid. [demonic ancestry]
  9553 | D:8      | Reached XP level 10. HP: 74/79 MP: 16/16
  9632 | D:8      | Noticed Grum
  9646 | D:8      | Killed Grum
 10170 | D:9      | Noticed Erolcha
 10185 | D:9      | Killed Erolcha
 10666 | D:9      | Noticed a six-headed hydra
 10792 | D:9      | Reached skill level 10 in Invocations
 10809 | D:9      | Reached skill level 10 in Long Blades
 10817 | D:9      | Paralysed by a hornet for 1 turns
 10911 | D:9      | Gained mutation: You regenerate health from kills. [demonic
                  | ancestry]
 10911 | D:9      | Reached XP level 11. HP: 86/86 MP: 18/18
 10946 | D:9      | Banished a six-headed hydra
 10970 | D:9      | Noticed a soul eater
 11460 | D:9      | Found a staircase to the Lair.
 11744 | D:10     | Entered Level 10 of the Dungeon
 13240 | D:11     | You fall into a shaft and drop 3 floors!
 13242 | D:14     | Found a gate to the Vaults.
 13242 | D:14     | Noticed a +5 long sword
 13242 | D:14     | Noticed a +4 long sword
 13263 | D:14     | Noticed a tengu warrior
 13270 | D:14     | Noticed a death knight
 13271 | D:14     | Noticed a skeletal warrior
 13351 | D:14     | Found a sacrificial altar of Ru.
 13378 | D:13     | Noticed Josephine
 13400 | D:13     | Killed Josephine
 13521 | D:11     | Noticed a two-headed ogre
 13555 | D:12     | Reached XP level 12. HP: 43/96 MP: 20/20
 13597 | D:11     | Killed a two-headed ogre
 13605 | D:11     | Reached ****** piety under Lugonu
 13993 | D:12     | Noticed Psyche
 14056 | D:12     | Killed Psyche
 14113 | D:12     | Found a staircase to the Orcish Mines.
 14225 | D:12     | Noticed Azrael
 14235 | D:12     | Killed from afar by Azrael

Illustrated notes

Levels and vault maps discovered:
D:1:      saegor_arrival_miasma, layout_loops_ring,
          shapermc_ecumenical_altar_hornbeckon
D:2:      cheibrodos_helix_gallery, layout_loops_ring, minmay_pentomino_o2
D:3:      layout_basic
D:4:      layout_cave_pods, minmay_temple_entry_mini_moons,
          lightli_sewer_entry_pipes
D:5:      minmay_goblin_kobold_castle, layout_basic,
          minmay_fractal_squares_gapless_5
D:6:      layout_basic, uniq_eustachio, uniq_pikel, uniq_sigmund, uniq_edmund
D:7:      layout_loops_cross, uniq_prince_ribbit1
D:8:      layout_basic, uniq_grum
D:9:      minmay_clustersquares, layout_cave_pods, lemuel_crystal_altar,
          grunt_lair_entry_orc_guard_hut, serial_column_ruins,
          column_ruins_open_small, column_ruins_open_small,
          column_ruins_open_small, column_ruins_grid_1, column_ruins_open_small,
          minmay_fractal_squares_gapless_7, uniq_erolcha
D:10:     layout_long_grid
D:11:     layout_irregular_city, minivault_7
D:12:     layout_small_grid, hiddenorc2_lemuel, uniq_psyche, uniq_azrael
D:13:     cheibrodos_monumental, layout_loops_ring, minmay_quadrilaterals,
          uniq_josephine
D:14:     layout_loops_ring, erik_vaults_1, nicolae_ru_awakened_eye, uniq_rupert
Temple:   roderic_octagonal_lattice_temple

Skill      XL: |  1  2  3  4  5  6  7  8  9 10 11 |
---------------+----------------------------------+-----
Dodging        | 1 |  1.3
Long Blades    | 2 3 4 5 7 8 10 11 | 11.8
Armour         | 2 3 4 5 6 7 8 |  8.6
Invocations    | 3 4 5 7 8 10 11 | 11.9
Fighting       | 4 5 6 7 8 9 |  9.7

Action                   |  1- 3 |  4- 6 |  7- 9 | 10-12 || total
-------------------------+-------+-------+-------+-------++-------
Melee: Falchion          |    84 |   180 |   408 |   591 ||  1263
       Kick              |    17 |    42 |   185 |   338 ||   582
Invok: Depart the Abyss  |     1 |       |       |       ||     1
       Bend Space        |       |     1 |       |     3 ||     4
       Banish            |       |       |       |     4 ||     4
Evoke: Wand              |       |       |       |     2 ||     2
  Use: Scroll            |     5 |     8 |     6 |     9 ||    28
       Potion            |     1 |     1 |       |     1 ||     3
Armor: Leather armour    |    29 |    22 |       |       ||    51
       Skin              |       |     4 |       |       ||     4
       Scale mail        |       |    59 |   238 |   323 ||   620
Dodge: Dodged            |    62 |    88 |   181 |   274 ||   605
Block: Other             |       |     3 |    85 |   123 ||   211
       Reflection        |       |       |     6 |     4 ||    10
       Rpst.: Falchion   |    15 |    22 |    49 |    84 ||   170

Table legend: (Time is in decaauts)
 A = Elapsed time spent in this place.
 B = Non-inter-level travel time spent in this place.
 C = Inter-level travel time spent in this place.
 D = Time resting spent in this place.
 E = Time spent auto-exploring this place.
 F = Levels seen in this place.
 G = Mean time per level.
                   A        B        C        D        E       F      G
               +--------+--------+--------+--------+--------+-----+--------+
         Total |  14223 |  13816 |    407 |   1180 |  10074 |  16 |  888.9 |
       Dungeon |  13850 |  13470 |    380 |   1180 |   9739 |  14 |  989.3 |
        Temple |    304 |    278 |     26 |      0 |    278 |   1 |  304.0 |
         Abyss |     68 |     68 |      0 |      0 |     57 |   1 |   68.0 |
               +--------+--------+--------+--------+--------+-----+--------+

Top non-repeatable levels by time:
     D:5: 2219 daAuts
     D:4: 1908 daAuts
     D:9: 1620 daAuts
     D:2: 1366 daAuts
    D:11: 1233 daAuts
     D:1: 1051 daAuts
     D:6: 1030 daAuts
     D:3: 948 daAuts
     D:7: 710 daAuts
    D:10: 568 daAuts
     D:8: 549 daAuts
    D:12: 395 daAuts
  Temple: 304 daAuts
    D:14: 130 daAuts
    D:13: 119 daAuts
